Map: King Sejong Station LE

Players

LiquidTLO (TLO) - Winner!

  • Race: Zerg Zerg
  • League: Grandmaster

ElChibrator

  • Race: Protoss Protoss
  • League: Master

VOD

Have the link to the VOD?

Description

Time

  • Played on: July 2, 2016, 3:57 p.m.
  • Length: 11:22
Show
View Real Time Build Order
Export as new Build Order

LiquidTLO Zerg - Winner!

Build Orders: Pool First 

Get SALT Encoding   

  12  0:00  Drone  
  13  0:12  Overlord  
  13  0:17  Drone  
  14  0:31  Drone x2  
  14  0:34  Drone  
  17  0:36  Extractor  
  16  0:47  Spawning Pool  
  15  0:51  Drone  
  15  0:55  Drone  
  17  1:07  Drone  
  18  1:22  Hatchery  
  18  1:25  Drone  
  18  1:33  Drone  
  18  1:37  Metabolic Boost  
  19  1:47  Queen  
  21  1:54  Evolution Chamber  
  21  1:58  Overlord  
  20  2:02  Zergling x2  
  20  2:05  Zergling x2  
  22  2:18  Zergling x2  
  22  2:20  Zerg Melee Weapons Level 1  
  22  2:22  Zergling x2  
  24  2:27  Queen  
  26  2:36  Zergling x4  
  28  2:43  Zergling x2  
  29  2:46  Zergling x2  
  30  2:57  Drone  
  31  3:02  Drone  
  31  3:03  Overlord  
  32  3:08  Overlord, Drone  
  32  3:11  Drone  
  34  3:19  Drone  
  35  3:21  Drone  
  36  3:28  Drone  
  36  3:30  Drone  
  36  3:31  Drone x3  
  41  3:38  Drone  
  41  3:39  Drone x2  
  44  3:42  Drone  
  45  3:49  Drone  
  45  3:52  Drone  
  45  4:02  Zergling x2  
  45  4:03  Zergling x2  
  45  4:06  Zergling x2  
  45  4:08  Hatchery  
  45  4:09  Zergling x4  
  46  4:12  Zergling x2  
  46  4:14  Zergling x6  
  47  4:21  Spore Crawler  
  47  4:24  Zerg Ground Armor Level 1  
  46  4:25  Drone x2  
  46  4:27  Drone  
  49  4:33  Drone  
  49  4:36  Overlord  
  49  4:38  Queen  
  52  4:44  Overlord x2  
  52  4:49  Drone x2  
  52  4:55  Drone x2  
  52  4:56  Drone x2  
  52  4:57  Drone  
  55  5:03  Drone  
  55  5:06  Zergling x2  
  54  5:08  Lair  
  54  5:10  Extractor  
  53  5:14  Extractor  
  53  5:15  Extractor  
  53  5:16  Queen  
  53  5:17  Zergling x2  
  53  5:18  Zergling x4  
  53  5:19  Zergling x2  
  57  5:25  Zergling x2  
  57  5:26  Zergling x2  
  57  5:27  Zergling x2  
  57  5:31  Zergling x4  
  57  5:34  Queen  
  61  5:36  Zergling x2  
  61  5:41  Zergling x2  
  63  5:42  Zergling x2  
  63  5:48  Drone  
  63  5:51  Drone  
  63  5:54  Spore Crawler  
  63  5:57  Drone  
  63  5:59  Overlord, Drone x4  
  63  6:02  Drone, Spore Crawler  
  63  6:03  Drone  
  68  6:10  Drone  
  65  6:11  Drone  
  65  6:16  Drone  
  65  6:18  Spire  
  65  6:21  Drone  
  65  6:22  Drone x2  
  65  6:23  Drone  
  66  6:28  Drone  
  66  6:29  Drone  
  66  6:31  Drone  
  67  6:45  Zergling x14  
  67  6:46  Drone  
  71  6:50  Extractor, Zerg Melee Weapons Level 2  
  71  6:52  Zergling x6  
  71  6:53  Zergling x2  
  74  6:56  Drone  
  75  7:01  Drone  
  75  7:05  Drone x3  
  75  7:07  Drone  
  80  7:08  Drone  
  80  7:09  Drone  
  80  7:10  Hydralisk Den  
  80  7:11  Drone x2  
  80  7:12  Infestation Pit  
  80  7:13  Extractor, Drone  
  80  7:14  Drone  
  83  7:15  Drone  
  83  7:20  Drone x2  
  86  7:23  Drone  
  86  7:28  Overlord  
  87  7:30  Zergling x2  
  87  7:33  Overlord  
  87  7:35  Corruptor  
  90  7:37  Overlord  
  90  7:43  Overlord  
  88  7:44  Drone  
  88  7:45  Overlord  
  88  7:47  Overlord  
  89  7:52  Corruptor  
  89  7:55  Corruptor  
  89  7:56  Corruptor  
  94  7:58  Hive  
  94  7:59  Zergling x2  
  94  8:02  Zergling x4  
  94  8:03  Zergling x2  
  96  8:07  Pathogen Glands  
  96  8:09  Zergling x4  
  96  8:11  Zergling x2  
  96  8:13  Zergling x2  
  96  8:15  Zergling x2  
  96  8:18  Zergling x2  
  96  8:20  Pneumatized Carapace  
  96  8:22  Spine Crawler x2  
  96  8:25  Zergling x2  
  95  8:27  Zergling x2  
  95  8:33  Zergling x2  
  97  8:38  Baneling Nest, Infestor x2  
  97  8:39  Hatchery  
  99  8:42  Infestor  
  101  8:50  Drone  
  101  8:51  Zergling x2  
  103  8:56  Drone  
  103  8:58  Overlord  
  103  9:02  Zergling x2  
  105  9:04  Zergling x2  
  105  9:07  Zergling x2  
  107  9:10  Adrenal Glands  
  107  9:15  Zergling x2  
  107  9:17  Ultralisk Cavern  
  107  9:22  Zergling x2  
  105  9:24  Baneling x4  
  105  9:28  Zergling x2  
  105  9:30  Zergling x2  
  107  9:38  Zergling x2  
  107  9:40  Zergling x4  
  107  9:41  Zergling x2  
  107  9:43  Corruptor x2  
  107  9:44  Overlord  
  114  9:45  Zergling x2  
  114  9:50  Zergling x2  
  114  9:52  Drone x3  
  116  9:54  Overlord, Evolution Chamber  
  116  9:57  Baneling x3  
  116  9:58  Zergling x2  
  115  10:01  Zergling x2  
  115  10:04  Zergling x2, Overseer, Spine Crawler  
  115  10:05  Spine Crawler  
  115  10:06  Zergling x2  
  115  10:07  Overlord, Spine Crawler  
  115  10:09  Spine Crawler  
  110  10:15  Zergling x2  
  109  10:24  Ultralisk x3  
  109  10:27  Zergling x2  
  109  10:28  Zergling x2  
  128  10:31  Zergling x4  
  130  10:39  Ultralisk  
  134  10:43  Baneling x7  
  134  10:44  Baneling x4  
  134  10:45  Zergling x2  
  134  10:49  Zergling x2  
  135  10:55  Zergling x2  
  135  10:56  Zergling x2  
  137  10:57  Zergling x2  
  137  10:59  Zergling x2  
  137  11:02  Zergling x4  
Show
View Real Time Build Order
Export as new Build Order

ElChibrator Protoss 

Build Orders: Oracle Opening 

Get SALT Encoding   

  12  0:01  Probe (Chrono Boost)  
  13  0:11  Probe (Chrono Boost)  
  14  0:18  Pylon  
  14  0:22  Probe (Chrono Boost)  
  15  0:36  Probe (Chrono Boost)  
  15  0:38  Gateway  
  16  0:47  Probe (Chrono Boost)  
  16  0:48  Assimilator  
  17  0:57  Probe (Chrono Boost)  
  18  1:08  Probe (Chrono Boost)  
  19  1:19  Probe (Chrono Boost)  
  20  1:26  Cybernetics Core, Zealot  
  20  1:29  Pylon  
  20  1:31  Probe (Chrono Boost)  
  23  1:55  Nexus  
  23  2:03  Mothership Core (Chrono Boost)  
  23  2:08  Assimilator  
  25  2:11  Adept  
  27  2:21  Probe (Chrono Boost)  
  28  2:24  Pylon  
  28  2:31  Probe (Chrono Boost)  
  28  2:33  Warp Gate  
  29  2:38  Adept  
  29  2:42  Probe (Chrono Boost)  
  32  2:53  Probe (Chrono Boost)  
  33  3:03  Probe (Chrono Boost)  
  33  3:05  Stargate  
  34  3:12  Probe (Chrono Boost)  
  37  3:14  Probe (Chrono Boost)  
  37  3:18  Gateway  
  38  3:22  Stalker  
  38  3:23  Probe (Chrono Boost)  
  39  3:30  Gateway  
  39  3:32  Probe (Chrono Boost)  
  40  3:39  Probe (Chrono Boost)  
  41  3:43  Probe (Chrono Boost)  
  41  3:48  Probe (Chrono Boost)  
  42  3:49  Oracle (Chrono Boost)  
  42  3:53  Probe  
  42  3:55  Adept  
  44  4:07  Probe  
  44  4:08  Probe  
  35  4:18  Probe (Chrono Boost)  
  35  4:19  Probe (Chrono Boost)  
  37  4:30  Probe (Chrono Boost)  
  37  4:31  Probe (Chrono Boost)  
  39  4:41  Probe x2 (Chrono Boost)  
  39  4:45  Nexus  
  41  4:52  Pylon, Probe x2 (Chrono Boost)  
  42  4:54  Sentry  
  42  4:56  Sentry  
  46  5:00  Sentry  
  46  5:02  Probe (Chrono Boost)  
  46  5:03  Probe (Chrono Boost)  
  48  5:13  Probe x2 (Chrono Boost)  
  49  5:18  Adept  
  49  5:20  Adept  
  49  5:29  Probe x2 (Chrono Boost)  
  51  5:36  Zealot  
  51  5:40  Pylon, Probe (Chrono Boost)  
  51  5:42  Pylon  
  54  5:50  Twilight Council  
  54  5:53  Assimilator  
  54  5:56  Pylon  
  56  5:57  Assimilator, Probe x2 (Chrono Boost)  
  56  6:00  Probe (Chrono Boost)  
  56  6:03  Adept  
  59  6:06  Sentry x2  
  59  6:07  Probe x2 (Chrono Boost)  
  59  6:11  Probe (Chrono Boost)  
  62  6:17  Probe (Chrono Boost)  
  62  6:18  Probe (Chrono Boost)  
  64  6:20  Probe (Chrono Boost)  
  64  6:25  Phoenix (Chrono Boost)  
  64  6:27  Probe  
  64  6:29  Zealot, Probe  
  64  6:30  Probe  
  64  6:31  Adept  
  64  6:32  Adept  
  73  6:37  Probe  
  74  6:41  Probe x2  
  73  6:48  Probe  
  73  6:51  Phoenix (Chrono Boost), Probe  
  73  6:53  Probe  
  78  6:54  Dark Shrine  
  78  6:56  Assimilator  
  78  6:58  Probe  
  79  7:02  Probe, Assimilator  
  79  7:05  Probe  
  81  7:09  Probe  
  81  7:10  Zealot x2  
  81  7:12  Zealot, Probe  
  81  7:13  Phoenix (Chrono Boost)  
  91  7:17  Probe  
  91  7:19  Probe  
  93  7:25  Gateway  
  93  7:28  Gateway  
  93  7:29  Gateway  
  93  7:35  Pylon  
  93  7:45  Pylon  
  93  7:47  Pylon, Probe  
  93  7:48  Probe  
  93  7:50  Probe  
  93  7:57  Probe  
  89  8:02  Probe  
  90  8:07  Zealot x2, Probe  
  90  8:08  Probe  
  96  8:14  Probe  
  96  8:17  Probe  
  98  8:20  Probe  
  98  8:21  Pylon  
  98  8:23  Phoenix (Chrono Boost)  
  99  8:28  Probe  
  99  8:29  Probe  
  99  8:31  Probe  
  102  8:40  Adept x5  
  113  8:43  Probe  
  113  8:51  Phoenix (Chrono Boost)  
  113  8:55  Templar Archives  
  112  8:57  Forge  
  112  8:58  Stalker  
  112  9:01  Zealot  
  116  9:07  Pylon  
  116  9:08  Pylon  
  116  9:09  Pylon  
  116  9:21  Protoss Ground Weapons Level 1 (Chrono Boost)  
  116  9:22  Phoenix (Chrono Boost)  
  116  9:27  Stalker x4  
  124  9:32  Stalker  
  126  9:44  Phoenix  
  126  9:50  Resonating Glaives (Chrono Boost)  
  126  9:51  High Templar x2  
  126  9:52  High Templar x2  
  134  9:53  Adept  
  134  9:58  Archon x2  
  134  9:59  Robotics Facility  
  136  10:01  Pylon  
  136  10:03  Pylon  
  136  10:04  Mothership Core  
  136  10:20  High Templar x2  
  138  10:25  Archon  
  138  10:27  Gateway  
  132  10:29  Gateway  
  132  10:30  Stalker  
  132  10:31  Gateway  
  132  10:32  Adept x3  
  136  10:40  Pylon  
  136  10:42  Pylon  
  130  10:59  Adept x6  
  142  11:08  Robotics Facility  
Tags
 
Add a new tag
Caveats
  • Supply blocks, unpowered buildings, or Contaminate may cause inaccurate times.
  • Supply counts are checked every 10 seconds.